 Dungeon Crawl Stone Soup version 0.18-a0-1789-gbeff17f (webtiles) character file.

199 SkaryMonk the Conjurer (level 5, -1/31 HPs)
             Began as an Octopode Conjurer on Apr 21, 2016.
             Slain by a centaur skeleton (4 damage)
             ... on level 5 of the Dungeon.
             The game lasted 00:24:20 (4093 turns).

SkaryMonk the Conjurer (Octopode Conjurer)          Turns: 4093, Time: 00:24:21

Health: -1/31      AC:  1    Str:  7 (8)  XL:     5   Next: 77%
Magic:  1/8        EV: 12    Int: 18      God:
Gold:   171        SH:  0    Dex: 12      Spells: 3 memorised, 2 levels left

rFire  . . .     SeeInvis .     j - +0 dagger
rCold  . . .     Gourm    .     (no shield)
rNeg   . . .     Faith    .     (helmet restricted)
rPois  +         Spirit   .     (no amulet)
rElec  .         Dismiss  .     q - ring of poison resistance
rCorr  .         Reflect  .     (no ring)
SustAt .         Harm     .     (no ring)
MR     .....                    (no ring)
Stlth  +++.......               (no ring)
                                (no ring)
                                (no ring)
                                (no ring)

@: not resistant to hostile enchantments, fairly stealthy
A: almost no armour, amphibious, 8 rings, constrict 8, camouflage 1, gelatinous
body 1
a: no special abilities


You were on level 5 of the Dungeon.
You were hungry.

You visited 1 branch of the dungeon, and saw 5 of its levels.

You collected 171 gold pieces.

Notes
Turn   | Place    | Note
--------------------------------------------------------------
     0 | D:1      | SkaryMonk the Octopode Conjurer began the quest for the Orb.
     0 | D:1      | Reached XP level 1. HP: 11/11 MP: 3/3
   481 | D:1      | Reached XP level 2. HP: 17/17 MP: 3/5
   528 | D:1      | Learned a level 2 spell: Searing Ray
  1112 | D:2      | You fall through a shaft for 2 floors!
  1472 | D:2      | Noticed Sigmund
  1529 | D:2      | Found an ancient bone altar of Kikubaaqudgha.
  1681 | D:2      | Reached XP level 3. HP: 21/21 MP: 3/6
  1686 | D:2      | Learned a level 3 spell: Dazzling Spray
  2274 | D:3      | Reached skill level 5 in Conjurations
  2580 | D:3      | Found a shadowy altar of Dithmenos.
  2615 | D:3      | Found a burning altar of Makhleb.
  2625 | D:3      | Reached XP level 4. HP: 17/27 MP: 0/7
  3175 | D:3      | Reached skill level 6 in Conjurations
  3483 | D:4      | Reached XP level 5. HP: 31/31 MP: 0/8
  4056 | D:5      | Entered Level 5 of the Dungeon
  4056 | D:5      | Noticed an ogre
  4093 | D:5      | Slain by a centaur skeleton

Inventory:

Hand Weapons
 j - a +0 dagger (weapon)
 p - a +0 mace of crushing
Jewellery
 h - a +1 ring of evasion
 q - a ring of poison resistance (left tentacle)
Wands
 o - a wand of digging (15/24)
Scrolls
 c - 2 scrolls of remove curse
 e - a scroll of amnesia
 i - a scroll of fog {unknown}
 m - 2 scrolls of enchant weapon {unknown}
 n - 2 scrolls of recharging {unknown}
Potions
 b - a potion of curing {unknown}
 f - a potion of resistance
 r - a potion of invisibility {unknown}
Books
 a - a book of Conjurations

   Spells                             Type                      Level
   a - Magic Dart                     Conjuration                  1
   b - Searing Ray                    Conjuration                  2
   c - Dazzling Spray                 Conjuration/Hexes            3
   d - Fulminant Prism                Conjuration/Hexes            4
   e - Iskenderun's Mystic Blast      Conjuration                  4
   f - Iskenderun's Battlesphere      Conjuration/Charms           5
 l - a book of the Tempests

   Spells                             Type                      Level
   a - Static Discharge               Conjuration/Air              3
   b - Lightning Bolt                 Conjuration/Air              5
   c - Fireball                       Conjuration/Fire             5
   d - Tornado                        Air                          9
   e - Shatter                        Earth                        9
Comestibles
 d - 2 meat rations
 g - 7 chunks of flesh
 k - a royal jelly

Table legend:
 A = Turns spent in this place as a percentage of turns spent in the entire game.
 B = Non-inter-level travel turns spent in this place as a percentage of non-inter-level travel turns spent in the entire game.
 C = Inter-level travel turns spent in this place as a percentage of turns spent in this place.
 D = Turns resting spent in this place as a percentage of non-inter-level travel turns spent in this place.
 E = Turns spent auto-exploring this place as a percentage of non-inter-level travel turns spent in this place.
 F = Non-inter-level travel turns spent in this place divided by the number of levels of this place that you've seen.
                   A       B       C       D       E      F
               +-------+-------+-------+-------+-------+----------------------
         Total | 100.0 | 100.0 |   1.1 |   7.0 |  15.3 | 139.6
       Dungeon | 100.0 | 100.0 |   1.1 |   7.0 |  15.3 | 139.6
               +-------+-------+-------+-------+-------+----------------------


   Skills:
 - Level 2.0 Dodging
 - Level 2.6 Stealth
 - Level 2.0 Spellcasting
 + Level 6.8 Conjurations


You had 2 spell levels left.
You knew the following spells:

 Your Spells              Type           Power        Failure   Level  Hunger
a - Magic Dart            Conj           ####         1%          1    #......
b - Searing Ray           Conj           ####..       1%          2    ###....
c - Dazzling Spray        Conj/Hex       ##......     17%         3    ###....


Dungeon Overview and Level Annotations

Branches:
Dungeon (5/15)
 Temple: D:4-7

Altars:
Dithmenos
Kikubaaqudgha
Makhleb

Annotations:
D:2 Sigmund


Innate Abilities, Weirdness & Mutations

You cannot wear most types of armour.
You are amphibious.
You can wear up to eight rings at the same time.
You can use your tentacles to constrict eight enemies at once.
Your skin changes colour to match your surroundings (Stealth).
Your rubbery body absorbs attacks (AC +1).


Message History

There is an entrance to a sewer on this level.
Hurry and find it before the portal rusts away!
A scorpion and a skeleton come into view.
Found a pair of gloves.
There is a stone staircase leading up here.
The centaur skeleton closely misses you.
You see here a pair of gloves.
The centaur skeleton misses you.
Casting: Dazzling Spray
Confirm with . or Enter, or press ? or * to list all spells.
Aiming: Searing Ray
Press: ? - help, Shift-Dir - straight line, f - centaur skeleton
Aim: a centaur skeleton The searing ray hits the centaur skeleton.
The centaur skeleton hits you.
* * * LOW HITPOINT WARNING * * *
The searing ray hits the centaur skeleton.
The centaur skeleton closely misses you.
The searing ray hits the centaur skeleton.
The centaur skeleton barely misses you. The centaur skeleton hits you.
You die...

# #. #.#. .#.###
... ....### #..
#.....
###........
......#.#.#
#.......#@###
##...#.#Z..#
##......#.#.###.
...s...<[........
##...............
#...............
.....##.#.#.###.#
..... ..#.#.# .#
.#.. ##.#.#.#


You could see a centaur skeleton.

Table legend:
 A = Kills in this place as a percentage of kills in entire the game.
 B = Kills by you in this place as a percentage of kills by you in the entire game.
 C = Kills by friends in this place as a percentage of kills by friends in the entire game.
 D = Other kills in this place as a percentage of other kills in the entire game.
 E = Experience gained in this place as a percentage of experience gained in the entire game.
 F = Experience gained in this place divided by the number of levels of this place that you have seen.
                   A       B       C       D       E      F
               +-------+-------+-------+-------+-------+----------------------
         Total | 100.0 | 100.0 |  -nan |  -nan | 100.0 |  57.0
       Dungeon | 100.0 | 100.0 |  -nan |  -nan | 100.0 |  57.0
               +-------+-------+-------+-------+-------+----------------------

Vanquished Creatures
  A crimson imp (D:3)
  A hound (D:3)
  An orc wizard (D:4)
  An iguana (D:4)
  A gnoll (D:3)
  2 adders (D:4)
  An adder skeleton (D:4)
  2 dart slugs
  A giant gecko (D:1)
  5 orcs
  7 bats
  2 giant cockroaches
  4 goblins
  2 hobgoblins
  2 ball pythons
  6 giant newts
  2 kobolds (D:1)
  A quokka skeleton (D:4)
  7 rats
49 creatures vanquished.

Action                   |  1- 3 |  4- 6 || total
-------------------------+-------+-------++-------
Melee: Unarmed           |     7 |       ||     7
       Constrict         |     4 |     4 ||     8
       Dagger            |     7 |    37 ||    44
       Tentacles         |     2 |     3 ||     5
 Cast: Magic Dart        |    59 |    42 ||   101
       Searing Ray       |     3 |     7 ||    10
       Dazzling Spray    |       |     1 ||     1
  Use: Scroll            |     6 |     2 ||     8
       Potion            |       |     2 ||     2
  Eat: Chunk             |     3 |     4 ||     7
       Bread ration      |     1 |       ||     1
Armor: Skin              |     1 |    16 ||    17
Dodge: Dodged            |    15 |    16 ||    31

Vault maps used:
D:1:      zelgadis_glass_arrival_small, minmay_lizard_king
D:2:      marbit_many_paths, kiku_gazebo_pond_becter, serial_corexii_hall,
          corexii_hall_statues_deadend, corexii_hall_statues_u, first_bread,
          uniq_sigmund
D:3:      overflow_temple_1_default, grunt_ministairs_14,
          makhleb_heckhound_becter
D:4:      roderic_hopi_sauvastika, minivault_26
D:5:      okawaru_trees_1, minmay_temple_entry_glassed_door,
          portal_sewer_entry_b
